Map: Rooftop Terrace

Players

jeke

  • Race: Protoss Protoss
  • Spawn Location: 6:00

NightRaven

  • Race: Protoss Protoss
  • Spawn Location: 5:00

Laetitia

  • Race: Zerg Zerg
  • Spawn Location: 7:00

Fred

  • Race: Zerg Zerg
  • Spawn Location: 6:00

Starlord - Winner!

  • Race: Zerg Zerg
  • Spawn Location: 12:00

norbor - Winner!

  • Race: Terran Terran
  • Spawn Location: 11:00

Tircky - Winner!

  • Race: Zerg Zerg
  • Spawn Location: 1:00

Infamous - Winner!

  • Race: Protoss Protoss
  • League: Silver
  • Spawn Location: 12:00

VOD

Have the link to the VOD?

Description

Time

  • Played on: March 10, 2018, 4:48 p.m.
  • Length: 23:01
Show
View Real Time Build Order
Export as new Build Order

jeke Protoss 

Build Orders:  

Get SALT Encoding   

  12  0:20  Assimilator  
  12  0:24  Probe  
  13  0:34  Pylon  
  13  0:36  Probe  
  13  0:42  Pylon  
  14  0:48  Probe  
  15  0:57  Assimilator  
  15  1:03  Probe  
  16  1:15  Probe  
  17  1:27  Probe  
  18  1:41  Probe  
  19  1:53  Probe  
  20  1:57  Gateway  
  20  2:03  Gateway  
  20  2:05  Probe  
  21  2:09  Forge  
  21  2:18  Probe  
  22  2:30  Probe  
  23  3:44  Cybernetics Core  
  23  3:53  Probe  
  24  3:59  Nexus  
  24  4:05  Pylon  
  24  4:10  Pylon  
  24  4:16  Pylon  
  24  4:21  Pylon  
  24  4:28  Stalker  
  26  4:46  Protoss Air Weapons Level 1  
  26  4:58  Stalker  
  28  5:28  Stalker  
  28  5:29  Pylon  
  28  5:34  Pylon  
  30  5:40  Probe  
  31  5:52  Probe  
  31  5:56  Stargate  
  32  6:04  Probe  
  33  6:05  Stargate  
  33  6:16  Probe  
  33  6:17  Stargate  
  34  6:28  Probe  
  34  6:30  Shield Battery  
  35  6:40  Protoss Air Armor Level 1, Stargate  
  35  6:57  Fleet Beacon  
  35  7:15  Probe  
  36  7:27  Probe  
  37  7:39  Probe  
  37  7:42  Carrier  
  44  7:51  Probe  
  44  7:57  Assimilator  
  45  8:00  Assimilator  
  45  8:03  Probe  
  46  8:15  Probe  
  47  8:27  Probe  
  47  8:32  Pylon  
  48  8:38  Pylon  
  48  8:39  Probe  
  49  8:52  Probe  
  50  9:08  Carrier  
  56  9:23  Carrier  
  62  10:28  Pylon  
  62  10:33  Pylon, Carrier  
  68  10:37  Pylon  
  68  10:42  Pylon  
  68  10:48  Pylon, Carrier  
  67  11:32  Carrier  
  73  11:35  Carrier  
  79  11:59  Carrier  
  85  12:14  Carrier  
  91  12:38  Protoss Air Armor Level 2  
  90  13:01  Carrier  
  96  13:25  Carrier  
  102  13:40  Carrier  
  108  14:43  Pylon  
  108  14:48  Pylon  
  108  14:52  Pylon  
  108  14:59  Pylon  
  108  15:01  Carrier  
  108  15:04  Pylon  
  108  15:05  Carrier  
  120  15:13  Pylon  
  120  15:18  Pylon  
  120  15:25  Pylon  
  120  15:36  Carrier  
Show
View Real Time Build Order
Export as new Build Order

NightRaven Protoss 

Build Orders:  

Get SALT Encoding   

  12  0:04  Probe  
  13  0:16  Probe  
  14  0:24  Pylon  
  14  0:28  Probe  
  15  0:39  Assimilator  
  16  0:42  Probe  
  16  0:49  Gateway  
  16  0:59  Forge  
  16  1:05  Probe  
  17  1:17  Probe, Assimilator  
  18  1:29  Probe  
  19  1:41  Probe (Chrono Boost)  
  20  1:51  Probe (Chrono Boost)  
  21  1:56  Probe (Chrono Boost)  
  22  2:04  Protoss Shields Level 1 (Chrono Boost)  
  22  2:07  Probe  
  23  2:24  Cybernetics Core  
  23  2:32  Nexus  
  23  2:40  Assimilator  
  23  2:44  Assimilator  
  23  3:00  Pylon  
  23  3:06  Pylon  
  23  3:18  Probe (Chrono Boost)  
  24  3:30  Probe (Chrono Boost)  
  25  3:39  Probe (Chrono Boost)  
  26  3:44  Probe (Chrono Boost)  
  27  3:56  Probe (Chrono Boost)  
  27  4:00  Pylon  
  27  4:02  Photon Cannon  
  28  4:03  Probe (Chrono Boost)  
  28  4:06  Photon Cannon  
  29  4:11  Probe  
  29  4:14  Pylon  
  30  4:18  Pylon  
  30  4:25  Stargate  
  30  4:27  Stargate  
  30  4:31  Pylon  
  30  4:39  Protoss Ground Weapons Level 1 (Chrono Boost)  
  30  4:50  Probe  
  31  5:02  Probe (Chrono Boost)  
  32  5:13  Probe (Chrono Boost)  
  33  5:18  Probe (Chrono Boost)  
  34  5:24  Oracle x2  
  34  5:25  Protoss Air Armor Level 1 (Chrono Boost)  
  40  5:29  Probe  
  41  5:43  Pylon  
  41  5:52  Fleet Beacon  
  41  5:58  Twilight Council  
  41  6:03  Photon Cannon  
  41  6:21  Void Ray x2  
  49  6:33  Stargate  
  49  6:37  Stargate  
  49  7:12  Protoss Air Weapons Level 1  
  49  7:49  Carrier x2  
  49  7:50  Carrier x2  
  62  9:01  Probe  
  60  9:10  Protoss Shields Level 2  
  60  9:13  Probe  
  60  9:14  Carrier  
  60  9:15  Carrier x2  
  60  9:16  Carrier  
  85  9:25  Probe (Chrono Boost)  
  86  9:36  Probe (Chrono Boost)  
  87  9:40  Probe (Chrono Boost)  
  88  9:50  Nexus  
  88  9:51  Probe  
  89  10:04  Assimilator  
  89  10:09  Assimilator  
  89  10:14  Pylon  
  89  10:18  Pylon  
  89  10:22  Pylon  
  89  10:56  Void Ray  
  89  10:57  Void Ray x3  
  41  12:55  Phoenix x4  
  49  13:20  Void Ray x3, Tempest  
  67  13:52  Probe (Chrono Boost)  
  69  14:02  Tempest  
  69  14:03  Carrier x2  
  69  14:04  Probe (Chrono Boost)  
  69  14:05  Protoss Shields Level 3 (Chrono Boost)  
  87  14:10  Probe (Chrono Boost)  
  88  14:18  Probe  
  83  14:30  Probe  
  64  15:06  Phoenix  
  66  15:10  Void Ray  
  70  15:31  Phoenix  
  72  15:52  Void Ray  
  72  15:56  Phoenix  
Show
View Real Time Build Order
Export as new Build Order

Laetitia Zerg 

Build Orders: Pool First, Zergling Baneling 

Get SALT Encoding   

  12  0:15  Drone  
  12  0:17  Overlord  
  13  0:37  Spawning Pool  
  12  1:04  Drone  
  12  1:05  Drone x2  
  12  1:11  Extractor  
  14  1:15  Extractor  
  13  1:19  Drone  
  13  1:25  Queen  
  16  1:29  Zergling x2  
  17  1:43  Evolution Chamber  
  17  1:44  Drone  
  17  1:58  Drone  
  18  2:12  Zerg Melee Weapons Level 1  
  18  2:19  Drone  
  18  2:20  Drone  
  20  2:35  Zergling x4  
  22  2:40  Metabolic Boost  
  22  3:13  Lair  
  22  3:25  Overlord x2  
  22  3:26  Overlord  
  22  3:45  Hatchery  
  21  3:51  Baneling Nest  
  20  4:04  Zergling x4  
  20  4:05  Zergling x4  
  24  4:49  Baneling x2  
  24  4:50  Baneling x4  
  24  4:51  Baneling  
  24  4:54  Baneling  
  24  4:58  Zergling x6  
  24  4:59  Zergling x6  
  30  5:09  Overseer  
  30  5:17  Drone x2  
  32  5:30  Baneling  
  32  5:50  Zergling x2  
  32  5:52  Spire  
  32  5:58  Drone x2  
  32  6:03  Drone  
  35  6:10  Drone  
  36  6:16  Baneling  
  36  8:24  Mutalisk  
  36  8:25  Mutalisk  
  36  8:26  Mutalisk  
  42  8:30  Zerg Flyer Armor Level 1  
  42  8:39  Mutalisk  
  44  8:52  Zergling x2  
  45  9:11  Drone  
  46  9:20  Extractor  
  45  9:27  Mutalisk  
  45  9:28  Mutalisk x2  
  51  9:51  Zerg Ground Armor Level 1  
  51  10:24  Zerg Flyer Weapons Level 1  
  51  10:41  Overlord x2  
  51  10:45  Zergling x2  
  52  11:01  Drone  
  52  11:02  Drone x2  
  50  11:36  Centrifical Hooks  
  50  11:42  Mutalisk x2  
  50  11:43  Mutalisk  
  50  11:45  Zerg Melee Weapons Level 2  
  56  11:48  Drone x3  
  56  11:50  Queen  
  61  12:16  Infestation Pit  
  61  12:18  Zerg Flyer Armor Level 2  
  61  12:20  Drone  
  61  12:21  Mutalisk x2  
  65  12:26  Burrow  
  65  12:33  Drone  
  65  12:34  Drone  
  67  12:38  Overlord  
  32  13:37  Pneumatized Carapace  
  32  13:48  Corruptor x5  
  34  13:49  Corruptor x3  
  34  13:52  Corruptor  
  50  14:25  Zergling x2  
  50  14:26  Zergling x2  
  50  14:28  Corruptor  
  54  14:47  Infestor  
  54  14:48  Infestor  
  54  14:51  Zergling x2  
  59  15:00  Overlord  
  59  15:22  Corruptor x2  
  63  15:33  Hive  
  63  16:59  Zergling x6  
  66  17:04  Baneling  
  66  17:05  Baneling x4  
  66  17:06  Baneling  
  66  17:13  Greater Spire  
  58  17:44  Zergling x2  
  58  17:45  Zergling x4  
  41  18:28  Zergling x4  
  41  18:29  Zergling x2  
  44  18:37  Brood Lord  
  46  18:42  Brood Lord  
  47  18:51  Brood Lord  
  47  19:02  Zergling x4  
  49  19:19  Zergling x4  
  49  19:49  Baneling x4  
  37  19:55  Zergling x6  
  20  20:30  Baneling  
  20  20:36  Baneling  
  15  21:28  Infestor  
Show
View Real Time Build Order
Export as new Build Order

Fred Zerg 

Build Orders: Pool First 

Get SALT Encoding   

  12  0:04  Drone  
  13  0:26  Spawning Pool  
  12  0:33  Overlord  
  13  0:35  Drone  
  13  0:44  Drone  
  14  0:56  Extractor  
  13  1:02  Evolution Chamber  
  12  1:04  Drone x2  
  12  1:09  Drone  
  15  1:15  Queen  
  17  1:21  Zergling x2  
  18  1:37  Overlord  
  18  2:00  Zergling x4  
  20  2:11  Drone  
  21  2:18  Spore Crawler  
  19  2:36  Zergling x10  
  24  2:49  Overlord  
  24  2:51  Metabolic Boost, Zerg Melee Weapons Level 1  
  24  3:19  Zergling x10  
  29  3:31  Drone  
  30  3:39  Extractor  
  29  4:05  Hatchery  
  29  4:08  Zergling x6  
  29  4:09  Zergling x6  
  28  5:01  Zerg Ground Armor Level 1  
  29  5:21  Drone x3  
  29  5:22  Drone x3  
  29  5:27  Lair  
  34  5:35  Queen  
  36  5:36  Drone x2  
  36  5:41  Drone  
  39  5:51  Zergling x4  
  41  6:19  Drone x3  
  44  6:49  Hydralisk Den  
  43  6:55  Zerg Missile Weapons Level 1  
  43  6:59  Spire  
  42  7:29  Muscular Augments  
  42  7:32  Hydralisk  
  42  7:34  Overlord  
  42  7:35  Overlord x4  
  44  7:37  Pneumatized Carapace  
  44  7:40  Burrow  
  44  7:52  Extractor  
  44  7:53  Extractor  
  42  8:03  Drone x2  
  42  8:04  Drone  
  45  8:13  Hydralisk x2  
  45  8:14  Hydralisk x3  
  55  8:40  Grooved Spines  
  55  8:55  Hydralisk x4  
  55  8:56  Hydralisk  
  55  9:02  Drone x6  
  71  9:14  Drone x4  
  75  9:32  Drone x2  
  77  9:52  Zerg Flyer Armor Level 1  
  77  10:06  Infestation Pit  
  76  10:13  Hydralisk  
  76  10:14  Hydralisk x3  
  76  10:17  Overlord x5  
  76  10:18  Overlord  
  84  10:27  Overseer  
  84  10:28  Overseer  
  84  10:51  Hive  
  84  10:57  Neural Parasite  
  84  11:00  Infestor  
  86  11:43  Infestor  
  86  11:47  Zerg Flyer Weapons Level 1  
  88  12:16  Pathogen Glands  
  88  12:17  Infestor  
  88  12:19  Infestor  
  92  13:21  Hydralisk x7  
  92  13:22  Hydralisk x4  
  114  14:08  Hydralisk x5  
  114  14:09  Hydralisk x4  
  132  14:50  Overlord x2  
  132  14:51  Overlord  
  132  14:57  Overlord x3  
  132  15:21  Overlord x3  
  132  16:11  Spire  
  131  16:12  Zerg Ground Armor Level 2  
  131  16:39  Extractor  
  130  16:44  Hatchery  
  129  17:10  Hydralisk x3  
  45  18:52  Drone  
  38  19:40  Drone  
  30  20:02  Overlord  
  30  20:03  Overlord  
  23  20:18  Drone  
  23  20:25  Queen  
  23  20:33  Drone x4  
  23  20:35  Spawning Pool  
  23  20:40  Drone x2  
  22  21:02  Drone  
  22  21:17  Drone  
  22  21:26  Lair  
  22  21:58  Drone x5  
  22  22:25  Spire  
Show
View Real Time Build Order
Export as new Build Order

Starlord Zerg - Winner!

Build Orders: Pool First 

Get SALT Encoding   

  12  0:01  Drone  
  13  0:13  Overlord  
  13  0:19  Drone  
  14  0:32  Drone x2  
  16  0:36  Drone  
  17  0:49  Spawning Pool  
  16  0:50  Drone  
  17  1:09  Drone  
  18  1:12  Extractor  
  18  1:17  Hatchery  
  16  1:23  Drone  
  17  1:35  Queen  
  17  1:38  Overlord  
  19  1:42  Zergling x2  
  20  1:51  Drone x2  
  22  2:14  Queen  
  24  2:17  Metabolic Boost  
  24  2:24  Overlord  
  24  2:26  Drone x2  
  26  2:32  Queen  
  28  2:46  Drone x3  
  28  2:47  Drone  
  32  3:07  Zergling x8  
  32  3:08  Zergling x2  
  32  3:11  Spine Crawler  
  36  3:22  Overlord  
  36  3:23  Drone x2  
  36  3:24  Drone x2  
  40  3:40  Drone x2  
  42  3:43  Lair  
  42  3:44  Overlord  
  42  3:50  Roach Warren  
  41  4:05  Drone x6  
  41  4:06  Drone  
  48  4:12  Extractor  
  48  4:13  Extractor  
  48  4:14  Overlord  
  48  4:15  Overlord  
  46  4:20  Extractor  
  45  4:32  Drone x2  
  45  4:33  Drone  
  45  4:34  Drone  
  45  4:35  Drone x3  
  47  5:05  Glial Reconstitution  
  46  5:07  Drone x5  
  46  5:10  Overlord x3  
  46  5:12  Drone  
  52  5:30  Overlord x2  
  52  5:40  Hatchery  
  51  5:50  Spore Crawler  
  51  5:54  Spore Crawler  
  49  6:12  Pneumatized Carapace  
  49  6:18  Drone x3  
  51  6:19  Drone  
  51  6:24  Evolution Chamber  
  51  6:25  Evolution Chamber  
  51  6:26  Overlord x4  
  52  6:32  Drone  
  52  6:33  Drone x2  
  52  6:34  Hatchery  
  53  6:46  Drone x4  
  53  6:47  Drone x4  
  61  7:27  Spore Crawler  
  60  7:34  Drone x4  
  60  7:35  Drone x7  
  60  7:36  Drone x3, Queen  
  76  7:38  Zerg Ground Armor Level 1, Zerg Melee Weapons Level 1  
  76  7:40  Queen  
  78  7:47  Extractor  
  78  7:49  Extractor  
  76  7:52  Spire  
  75  8:05  Spore Crawler  
  75  8:07  Spore Crawler, Queen  
  73  9:05  Zerg Flyer Armor Level 1  
  73  9:06  Corruptor x4  
  73  9:07  Corruptor x8  
  73  9:08  Corruptor x7  
  73  9:09  Corruptor x2  
  115  9:39  Zerg Melee Weapons Level 2  
  115  9:40  Zerg Ground Armor Level 2  
  115  9:41  Hatchery  
  114  9:50  Overlord x3  
  114  9:51  Overlord x2  
  114  10:02  Infestation Pit  
  113  10:40  Hive  
  113  10:42  Corruptor x7  
  117  10:43  Corruptor  
  117  10:46  Extractor x2  
  127  11:25  Corruptor x6  
  129  11:26  Corruptor x6  
  151  11:35  Zerg Flyer Weapons Level 1  
  151  11:50  Spore Crawler  
  150  11:57  Zerg Melee Weapons Level 3  
  150  11:59  Zerg Ground Armor Level 3  
  150  12:06  Drone  
  135  13:42  Greater Spire  
  123  14:34  Corruptor x6  
  123  14:35  Corruptor x4  
  139  14:54  Zerg Flyer Armor Level 2  
  139  14:58  Brood Lord  
  139  14:59  Brood Lord  
  143  15:00  Brood Lord  
  143  15:01  Brood Lord x2  
  143  15:02  Brood Lord x2  
  143  15:03  Brood Lord x3  
  159  15:09  Brood Lord  
  159  15:11  Corruptor x5  
  159  15:12  Corruptor x3  
  177  15:45  Brood Lord  
  177  15:46  Brood Lord x5  
  189  15:51  Corruptor x2  
  193  16:14  Corruptor x2  
  193  16:15  Corruptor  
  199  17:11  Zerg Flyer Armor Level 3  
  195  17:28  Corruptor x3  
  199  17:39  Ultralisk Cavern  
  198  18:27  Chitinous Plating  
  198  18:29  Hatchery  
  197  19:02  Extractor  
  196  19:03  Extractor  
  195  19:47  Zerg Flyer Weapons Level 2  
  191  21:39  Baneling Nest  
  190  21:43  Hydralisk Den  
  189  21:49  Burrow  
  189  21:51  Pathogen Glands  
  189  22:27  Lurker Den  
Show
View Real Time Build Order
Export as new Build Order

norbor Terran - Winner!

Build Orders:  

Get SALT Encoding   

  12  0:20  Supply Depot, SCV  
  13  0:32  SCV  
  14  0:44  SCV  
  15  0:56  Barracks, SCV  
  16  1:07  Refinery  
  16  1:08  SCV  
  16  1:11  Refinery  
  17  1:20  SCV  
  18  1:32  SCV  
  19  1:44  SCV  
  20  1:48  Barracks Tech Lab  
  20  1:57  SCV  
  21  2:09  SCV  
  22  2:17  Factory  
  22  2:21  SCV  
  23  2:24  Barracks Reactor  
  23  2:34  Orbital Command  
  23  3:06  Starport  
  23  3:15  Supply Depot  
  23  3:30  Armory  
  23  3:36  Marine x2  
  23  3:37  Supply Depot, SCV  
  26  3:49  SCV  
  26  3:51  Factory Reactor  
  26  3:54  Marine x2  
  29  4:01  SCV, Starport Reactor  
  30  4:12  Marine x2  
  32  4:21  Barracks, Factory  
  32  4:30  Marine x2  
  34  4:37  Supply Depot  
  34  4:48  Reaper x2  
  36  4:59  Supply Depot, Hellbat  
  38  5:09  Command Center  
  38  5:11  Hellion  
  40  5:16  Barracks Tech Lab  
  40  5:20  Reaper x2  
  42  5:22  Supply Depot  
  42  5:24  Ghost Academy  
  42  5:40  Factory Tech Lab  
  42  5:45  Supply Depot, Widow Mine x2  
  42  5:46  Refinery  
  46  5:50  Terran Vehicle Weapons Level 1  
  46  6:06  Widow Mine  
  46  6:07  Viking  
  46  6:08  Supply Depot  
  46  6:10  Viking  
  52  6:23  Engineering Bay  
  52  6:45  Viking x2  
  56  6:50  Hellion  
  58  7:01  Refinery  
  58  7:02  SCV  
  59  7:14  SCV  
  60  7:24  Missile Turret  
  60  7:26  SCV  
  61  7:38  SCV  
  62  7:44  Missile Turret  
  62  7:58  Nuke  
  62  8:01  Ghost  
  62  8:05  Thor  
  70  8:06  Missile Turret  
  70  8:20  Fusion Core  
  70  9:01  Personal Cloaking  
  70  9:30  Starport  
  70  9:31  SCV  
  71  9:43  SCV  
  72  9:55  SCV  
  72  9:58  Hellion x2  
  77  10:06  Cyclone  
  80  10:07  SCV  
  80  10:13  Starport Tech Lab  
  81  10:19  Hellion x2, SCV  
  86  10:34  Missile Turret  
  86  10:38  Cyclone  
  86  10:40  SCV  
  86  10:41  Hellion x2  
  94  10:54  Missile Turret  
  94  11:11  Supply Depot  
  94  11:16  Missile Turret  
  94  11:32  SCV, Cyclone  
  102  11:33  Hellion x2  
  102  11:34  Supply Depot  
  102  11:45  Missile Turret  
  102  11:56  Supply Depot, Widow Mine x2  
  106  12:05  Missile Turret  
  106  12:17  Widow Mine x2  
  106  12:19  Supply Depot  
  110  12:27  Missile Turret  
  110  12:38  Widow Mine x2  
  110  12:42  Supply Depot  
  114  12:48  Missile Turret  
  114  13:07  Supply Depot  
  114  13:09  Missile Turret  
  114  13:30  Supply Depot  
  114  13:31  Missile Turret  
  112  13:36  Ghost  
  114  13:42  Battlecruiser  
  114  13:44  Viking x2  
  124  13:53  Supply Depot, Thor  
  124  13:54  Missile Turret  
  130  14:13  Viking  
  130  14:14  Viking  
  130  14:15  Supply Depot  
  134  14:17  Missile Turret  
  134  14:37  Missile Turret  
  134  14:43  Viking  
  134  14:44  Viking  
  138  14:46  Battlecruiser  
  144  14:58  Missile Turret  
  144  15:13  Viking  
  144  15:14  Viking  
  148  15:19  Missile Turret  
  148  15:34  Liberator  
  148  15:47  Liberator  
  154  16:10  Medivac  
  156  16:17  Liberator  
  156  16:27  Cyclone  
  156  16:32  Widow Mine x2  
  166  16:51  Supply Depot  
  166  17:12  Command Center, Widow Mine x2, Cyclone  
  166  17:13  Supply Depot  
  173  17:18  Liberator x2  
  173  17:35  Widow Mine  
  181  17:39  Supply Depot  
  181  18:01  Widow Mine x2, Cyclone  
  181  18:02  Supply Depot  
  188  18:06  Liberator x2  
  188  18:22  Widow Mine  
  196  18:33  Cyclone  
  199  22:28  Refinery  
  199  22:51  Refinery  
Show
View Real Time Build Order
Export as new Build Order

Tircky Zerg - Winner!

Build Orders: Pool First 

Get SALT Encoding   

  12  0:03  Drone  
  13  0:14  Overlord  
  13  0:24  Drone  
  14  0:35  Drone x2  
  16  0:48  Drone  
  16  0:49  Spawning Pool  
  16  0:52  Drone  
  17  0:58  Extractor  
  16  1:10  Evolution Chamber  
  15  1:27  Drone  
  15  1:28  Hatchery  
  15  1:35  Drone x2  
  15  1:39  Zergling x2  
  18  1:58  Zergling x2  
  19  2:05  Drone  
  20  2:09  Queen  
  20  2:11  Overlord  
  22  2:43  Drone x3  
  25  2:54  Roach Warren  
  25  2:57  Metabolic Boost  
  24  3:00  Queen  
  26  3:08  Zergling x2  
  26  3:09  Zergling x8  
  31  3:15  Drone  
  32  3:24  Overlord  
  32  3:37  Overlord  
  32  3:52  Drone  
  32  3:53  Drone x3  
  32  3:54  Overlord  
  36  3:59  Zerg Melee Weapons Level 1  
  36  4:02  Extractor  
  35  4:13  Zergling x8  
  35  4:15  Drone  
  40  4:28  Lair  
  40  4:35  Zergling x2  
  40  4:36  Zergling x10  
  39  5:05  Drone x3  
  39  5:06  Drone x5  
  47  5:33  Extractor  
  46  5:37  Drone  
  46  5:38  Drone x4  
  46  5:39  Zergling x2  
  46  5:40  Overlord  
  52  5:54  Zerg Missile Weapons Level 1  
  52  5:59  Hydralisk Den  
  52  6:00  Roach x4  
  52  6:02  Overlord  
  59  6:15  Drone  
  60  6:42  Zergling x2  
  60  6:43  Zergling x10  
  66  6:47  Hatchery  
  66  6:50  Lair  
  65  6:54  Queen  
  67  7:05  Overlord  
  67  7:30  Queen  
  67  7:34  Hydralisk  
  67  7:35  Hydralisk x2  
  75  7:37  Overlord x3  
  75  7:43  Spire  
  74  7:50  Spine Crawler  
  73  8:14  Hydralisk  
  73  8:15  Hydralisk x3  
  81  8:36  Extractor  
  80  8:47  Zergling x20  
  90  8:50  Glial Reconstitution  
  90  8:54  Zerg Ground Armor Level 1, Hatchery  
  89  9:09  Corruptor  
  91  9:23  Corruptor  
  93  9:27  Overlord  
  93  9:28  Zergling x2  
  93  9:29  Zergling x6  
  97  9:56  Corruptor  
  97  9:57  Corruptor x2  
  103  10:09  Infestation Pit  
  103  10:11  Zergling x10  
  103  10:12  Zergling x2  
  108  10:14  Overlord  
  108  10:32  Corruptor x2  
  112  10:53  Drone x5  
  112  10:54  Drone x4  
  121  10:57  Overlord  
  121  11:00  Hive  
  85  11:22  Corruptor  
  85  11:23  Corruptor x2  
  81  11:40  Corruptor x2  
  81  11:42  Zergling x2  
  81  11:43  Zergling x6  
  89  12:10  Corruptor x3  
  95  12:24  Corruptor  
  97  12:30  Hatchery  
  96  12:55  Greater Spire  
  96  12:56  Zergling x2  
  96  12:57  Zergling x14  
  104  13:12  Hydralisk x2  
  105  13:30  Hive  
  105  13:40  Zergling x12  
  111  13:51  Drone x4  
  111  13:52  Drone x3  
  91  14:16  Corruptor  
  80  14:17  Corruptor x6  
  94  14:31  Corruptor x2  
  94  14:35  Extractor  
  94  14:38  Extractor  
  96  14:53  Corruptor x3  
  96  14:54  Zergling x2  
  96  14:55  Zergling x22  
  114  15:15  Corruptor  
  114  15:16  Corruptor  
  119  15:28  Zergling x2  
  119  15:29  Zergling x6  
  122  15:51  Corruptor  
  122  15:52  Corruptor x3  
  130  16:25  Overlord x4  
  130  16:26  Overlord  
  130  16:30  Zerg Flyer Weapons Level 1  
  130  16:53  Corruptor x3  
  130  16:54  Corruptor x3  
  129  17:31  Corruptor x5  
  136  17:49  Brood Lord  
  140  17:58  Brood Lord  
  140  18:05  Zergling x28  
  152  18:24  Brood Lord  
  152  18:25  Brood Lord x2  
  155  18:41  Brood Lord  
  157  19:10  Corruptor x3  
  149  20:09  Brood Lord x4  
  149  21:03  Brood Lord x3  
  149  21:04  Brood Lord  
  157  21:29  Brood Lord  
Show
View Real Time Build Order
Export as new Build Order

Infamous Protoss - Winner!

Build Orders: Double Forge 

Get SALT Encoding   

  12  0:01  Probe  
  13  0:17  Probe (Chrono Boost)  
  13  0:19  Pylon  
  14  0:28  Probe (Chrono Boost)  
  15  0:40  Probe  
  15  0:42  Gateway  
  16  1:00  Assimilator  
  16  1:02  Pylon, Probe (Chrono Boost)  
  17  1:14  Probe (Chrono Boost)  
  18  1:29  Probe, Gateway  
  18  1:31  Gateway  
  19  1:50  Cybernetics Core  
  19  1:55  Assimilator  
  19  1:59  Zealot  
  21  2:10  Pylon  
  21  2:23  Pylon  
  21  2:42  Probe  
  22  2:51  Warp Gate (Chrono Boost)  
  21  2:53  Forge  
  21  3:08  Pylon  
  21  3:12  Zealot  
  23  3:13  Forge, Sentry  
  25  3:32  Probe  
  26  3:48  Protoss Ground Weapons Level 1  
  26  3:58  Nexus  
  26  4:12  Shield Battery  
  26  4:23  Protoss Ground Armor Level 1 (Chrono Boost)  
  26  4:42  Robotics Facility  
  26  4:43  Stalker  
  28  4:47  Sentry x2  
  28  4:50  Probe  
  33  5:03  Probe (Chrono Boost)  
  34  5:12  Probe (Chrono Boost)  
  34  5:13  Pylon  
  35  5:18  Sentry  
  35  5:20  Probe (Chrono Boost)  
  38  5:22  Sentry  
  38  5:23  Sentry  
  42  5:37  Probe  
  42  5:38  Probe  
  44  5:46  Zealot  
  44  5:48  Sentry  
  44  5:49  Probe, Zealot  
  51  6:01  Shield Battery  
  51  6:04  Photon Cannon  
  51  6:11  Probe x2  
  53  6:21  Immortal (Chrono Boost)  
  57  6:37  Stalker, Sentry  
  57  6:38  Pylon  
  61  6:41  Zealot  
  63  6:53  Probe, Assimilator  
  64  7:00  Probe  
  65  7:01  Protoss Shields Level 1 (Chrono Boost)  
  65  7:05  Probe  
  66  7:11  Stalker x2  
  70  7:25  Pylon  
  70  7:30  Pylon  
  70  7:31  Probe, Gateway  
  71  7:41  Stalker  
  73  7:44  Adept  
  73  7:47  Sentry  
  77  7:54  Probe  
  77  7:56  Probe  
  79  8:10  Stalker x3  
  85  8:20  Gateway  
  85  8:32  Stalker  
  85  8:33  Stalker x2  
  91  8:35  Zealot  
  93  8:49  Twilight Council  
  93  8:58  Assimilator  
  93  9:02  Immortal  
  97  9:09  Robotics Bay  
  97  9:15  Probe x2  
  99  9:24  Charge (Chrono Boost)  
  99  9:27  Robotics Facility  
  99  9:29  Probe x2  
  101  9:45  Gateway x2  
  101  9:59  Pylon  
  101  10:02  Pylon  
  101  10:17  Extended Thermal Lance (Chrono Boost)  
  101  10:18  Colossus (Chrono Boost)  
  101  10:24  Colossus (Chrono Boost)  
  113  10:40  Protoss Ground Armor Level 2 (Chrono Boost)  
  113  10:47  Probe x2  
  115  11:01  Stalker  
  117  11:49  Pylon  
  117  11:51  Pylon  
  117  11:57  Pylon  
  117  11:59  Pylon  
  117  12:02  Pylon  
  117  12:06  Colossus  
  123  12:08  Colossus  
  123  12:11  Stalker x2  
  133  12:15  Sentry  
  115  13:02  Colossus  
  81  13:18  Stalker x4  
  81  13:19  Stalker x3  
  95  13:49  Stalker x2  
  95  13:50  Gateway, Stalker x3  
  95  13:51  Stalker  
  95  13:52  Gateway, Stalker  
  95  13:54  Gateway  
  109  13:56  Colossus  
  109  13:58  Colossus  
  121  14:15  Zealot  
  123  14:17  Zealot  
  123  14:19  Zealot x4  
  123  14:20  Zealot  
  135  14:38  Zealot x2  
  139  14:40  Blink (Chrono Boost)  
  139  14:46  Protoss Ground Armor Level 3 (Chrono Boost)  
  139  14:48  Protoss Ground Weapons Level 2 (Chrono Boost)  
  139  15:02  Zealot x3  
  139  15:03  Zealot x3  
  151  15:29  Nexus  
  151  15:36  Sentry  
  151  15:37  Sentry x2  
  157  15:53  Pylon  
  157  15:56  Pylon  
  157  16:00  Assimilator  
  157  16:04  Assimilator  
  157  16:14  Sentry x4  
  157  16:15  Sentry x2  
  169  16:57  Pylon  
  169  16:59  Pylon  
  169  17:01  Pylon, Probe x3  
  120  17:50  Stalker x5  
  118  17:51  Stalker x2  
  76  18:14  Colossus (Chrono Boost)  
  76  18:17  Sentry x3  
  76  18:18  Sentry x3  
  86  18:21  Zealot  
  86  18:37  Probe  
  86  18:38  Probe x2  
  89  18:48  Stalker x3  
  87  19:27  Zealot x2  
  87  19:28  Zealot x3  
  87  19:29  Zealot x2  
  87  19:30  Zealot x2  
  105  19:36  Colossus (Chrono Boost)  
  111  19:46  Sentry  
  113  20:16  Stalker x2  
  117  20:30  Nexus  
  117  20:33  Pylon  
  117  20:36  Pylon  
  117  20:44  Assimilator  
  117  20:46  Assimilator  
  117  20:55  Stalker x4  
  117  20:56  Stalker x2  
  129  21:19  Stalker x4  
  129  21:20  Stalker  
  139  21:32  Sentry  
  139  21:35  Sentry x4  
  149  22:05  Stalker x2  
  149  22:06  Stalker x3  
  159  22:09  Zealot  
  159  22:11  Sentry  
  159  22:14  Sentry  
  165  22:45  Probe  
  167  22:57  Stalker  
Tags
 
Add a new tag
Caveats
  • Supply blocks, unpowered buildings, or Contaminate may cause inaccurate times.
  • Supply counts are checked every 10 seconds.